 Dungeon Crawl Stone Soup version 0.31-a0-982-g1816016f30 (webtiles) character file.

Game seed: 16597621295869987670

2050 BinkBink the Ruffian (level 9, -5/88 HPs)
             Began as a Troll Fighter on Nov 2, 2023.
             Was a Priest of the Shining One.
             Slain by an 11-headed hydra (9 damage)
             ... on level 7 of the Dungeon.
             The game lasted 00:05:36 (4761 turns).

BinkBink the Ruffian (Troll Fighter)                Turns: 4761, Time: 00:05:37

Health: -5/88      AC:  9    Str: 30    XL:     9   Next: 4%
Magic:  8/8        EV:  9    Int:  4    God:    the Shining One [***...]
Gold:   310        SH:  8    Dex:  9    Spells: 8/8 levels left

rFire   . .          .
                       - Unarmed
rCold   . . .        b - +0 kite shield
rNeg    + . .        w - +0 swamp dragon scales
rPois   +            (helmet restricted)
rElec   .            (no cloak)
rCorr   .            (gloves unavailable)
SInv    .            (boots unavailable)
Will    .....        (no amulet) Stlth
                     (no ring)
HPRegen 1.14/turn    (no ring)
MPRegen 0.11/turn

%: no passive effects
@: glowing
A: large, unfitting armour, claws 3, regeneration 1, shaggy fur 1, tough skin 1
a: Renounce Religion, Divine Shield, Cleansing Flame


You were on level 7 of the Dungeon.
You worshipped the Shining One.
The Shining One was most pleased with you.
You visited 1 branch of the dungeon, and saw 7 of its levels.

You collected 310 gold pieces.

Inventory:

Armour
 a - a +0 robe
 b - a +0 kite shield (worn)
 w - +0 swamp dragon scales (worn)
Jewellery
 x - a ring of fire
 A - an amulet of the acrobat
Talismans
 g - a serpent talisman
 k - a blade talisman
Wands
 o - a wand of polymorph (7)
 t - a wand of roots (6)
 y - a wand of flame (40)
Scrolls
 d - 4 scrolls of teleportation {unknown}
 e - 3 scrolls of noise {unknown}
 j - a scroll of poison {unknown}
 n - a scroll of silence {unknown}
 p - a scroll of fog {unknown}
 q - a scroll of torment {unknown}
 r - 3 scrolls of identify {unknown}
 s - a scroll of fear {unknown}
 u - a scroll of summoning {unknown}
 v - 2 scrolls of immolation {unknown}
 B - a scroll of revelation {unknown}
 D - a scroll of blinking {unknown}
Potions
 c - 2 potions of might
 f - 3 potions of enlightenment {unknown}
 h - 2 potions of curing {unknown}
 i - a potion of magic {unknown}
 l - a potion of resistance {unknown}
 m - 2 potions of mutation {unknown}
 z - a potion of berserk rage {unknown}
 C - a potion of attraction {unknown}


   Skills:
 + Level 5.4 Fighting
 + Level 5.4 Dodging
 - Level 3.3 Shields
 + Level 6.1 Unarmed Combat
 + Level 5.0 Shapeshifting


You had 8 spell levels left.
You didn't know any spells.
Your spell library contained the following spells:

 Spells                   Type           Power      Damage    Failure   Level
 Apportation              Tloc           0%         N/A       85%         1
 Blink                    Tloc           0%         N/A       94%         2
 Jinxbite                 Hex            0%         N/A       94%         2
 Call Canine Familiar     Summ           0%         N/A       99%         3
 Sigil of Binding         Hex            0%         N/A       99%         3
 Dimensional Bullseye     Hex/Tloc       0%         N/A       100%        4
 Leda's Liquefaction      Hex/Erth       0%         N/A       100%        4
 Manifold Assault         Tloc           0%         N/A       100%        4
 Alistair's Intoxication  Tmut/Pois      0%         N/A       100%        5


Dungeon Overview and Level Annotations

Branches:
Dungeon (7/15)             Temple (0/1) D:4

Altars:
Elyvilon
The Shining One


Innate Abilities, Weirdness & Mutations

You are too large for most types of armour.
You have claws for hands.
Your natural rate of healing is unusually fast.
You are covered in fur. (AC +1)
You have tough skin. (AC +1)


Message History

You tear one of the eight-headed hydra's heads off!
The seven-headed hydra grows two more!
You claw the nine-headed hydra!
The nine-headed hydra is moderately wounded.
You block the nine-headed hydra's attack.
The nine-headed hydra bites you.
The nine-headed hydra bites you but does no damage.
The nine-headed hydra bites you.
The nine-headed hydra barely misses you.
The nine-headed hydra bites you.
The nine-headed hydra completely misses you.
The nine-headed hydra bites you but does no damage.
The nine-headed hydra barely misses you.
You rip one of the nine-headed hydra's heads off!
The eight-headed hydra grows two more!
You claw the ten-headed hydra!
The ten-headed hydra is moderately wounded.
You block the ten-headed hydra's attack.
The ten-headed hydra bites you! x2; The ten-headed hydra barely misses you.
The ten-headed hydra bites you.
The ten-headed hydra bites you but does no damage.
The ten-headed hydra barely misses you. The ten-headed hydra bites you!
You block the ten-headed hydra's attack.
The ten-headed hydra bites you.
You claw one of the ten-headed hydra's heads off!
The nine-headed hydra grows two more!
You claw the 11-headed hydra!
The 11-headed hydra is moderately wounded.
The 11-headed hydra barely misses you.
The 11-headed hydra completely misses you.
The 11-headed hydra bites you but does no damage.
The 11-headed hydra bites you.
* * * LOW HITPOINT WARNING * * *
The 11-headed hydra bites you!
* * * LOW HITPOINT WARNING * * *
The 11-headed hydra bites you!
* * * LOW HITPOINT WARNING * * *
The 11-headed hydra bites you.
* * * LOW HITPOINT WARNING * * *
The 11-headed hydra bites you! The Shining One protects you from harm!
The 11-headed hydra bites you!
You die...

~~..#.#...# #.# ~~..#.#.###
#.# ...P#.#.. #.##
##♣..##.#######..#########
#.P..#........##.##......)
##..###.#####.#P.P########
##....##.....###≈.≈####....
#P....P.#######≈≈.≈≈##.♣.♣.
#......TSD@.#P≈≈≈.≈≈≈P.....
#.P.P..#T##.............8..
##.##.##.####P≈≈≈.≈≈≈P.....
## ####.# ###≈≈.≈≈##.♣.♣.
#.# ###≈.≈####.... #.#
#.#P.P# ##### #.. #.##.##
### #....# #.####


You could see a 11-headed hydra, 2 trolls and a water moccasin.

Vanquished Creatures
  Maggie (D:6)
  A water moccasin (D:6)
  An ice beast (D:7)
  An ogre (D:6)
  A centaur (D:5)
  2 kobold brigands
  A phantom (D:6)
  3 bullfrogs
  2 scorpions
  A howler monkey (D:5)
  6 hounds
  2 jellies
  3 orc priests
  3 iguanas
  4 orc wizards
  Natasha (thrice) (D:3)
  11 adders
  2 white imps
  4 ufetubi (D:6)
  6 worms
  3 dart slugs
  16 orcs
  5 bats
  7 endoplasms
  2 giant cockroaches
  10 goblins
  4 hobgoblins
  4 jackals
  11 kobolds
  2 quokkas
  9 ball pythons
  2 frilled lizards (D:2)
  8 rats
141 creatures vanquished.

Notes
Turn   | Place    | Note
-------+----------+-------------------------------------------
     0 | D:1      | BinkBink the Troll Fighter began the quest for the Orb.
     0 | D:1      | Reached XP level 1. HP: 22/22 MP: 0/0
   116 | D:1      | Reached XP level 2. HP: 29/29 MP: 1/1
   240 | D:1      | Found a faded altar of an unknown god.
   261 | D:1      | Prayed at the altar of an unknown god.
   261 | D:1      | Became a worshipper of the Shining One
   261 | D:1      | Reached * piety under the Shining One
   404 | D:1      | Reached XP level 3. HP: 36/36 MP: 2/2
   695 | D:2      | Found a white marble altar of Elyvilon.
   742 | D:2      | Reached XP level 4. HP: 44/44 MP: 3/3
  1078 | D:3      | Reached skill level 1 in Shapeshifting
  1133 | D:3      | Noticed Natasha
  1141 | D:3      | Killed Natasha
  1224 | D:3      | Noticed Natasha
  1232 | D:3      | Killed Natasha
  1233 | D:3      | Reached skill level 3 in Unarmed Combat
  1233 | D:3      | Reached XP level 5. HP: 34/53 MP: 4/4
  1293 | D:3      | Noticed Natasha
  1302 | D:3      | Killed Natasha
  1431 | D:3      | Reached ** piety under the Shining One
  1976 | D:4      | Reached XP level 6. HP: 51/61 MP: 5/5
  1989 | D:4      | Identified the +0 ring mail of an ossuary {rPois rC- Will+}
  2247 | D:4      | Found a staircase to the Ecumenical Temple.
  2751 | D:5      | Entered Level 5 of the Dungeon
  2865 | D:5      | Reached skill level 4 in Unarmed Combat
  2930 | D:5      | Reached XP level 7. HP: 59/68 MP: 6/6
  3717 | D:6      | Noticed Maggie
  3737 | D:6      | Killed Maggie
  3738 | D:6      | Reached skill level 5 in Unarmed Combat
  3738 | D:6      | Reached XP level 8. HP: 23/79 MP: 7/7
  3927 | D:6      | Reached skill level 5 in Fighting
  3927 | D:6      | Reached skill level 5 in Dodging
  4017 | D:6      | Reached *** piety under the Shining One
  4281 | D:6      | Reached skill level 6 in Unarmed Combat
  4436 | D:7      | Reached XP level 9. HP: 77/88 MP: 8/8
  4650 | D:7      | Reached skill level 5 in Shapeshifting
  4745 | D:7      | Noticed a troll
  4746 | D:7      | Noticed a troll
  4747 | D:7      | Noticed a six-headed hydra
  4761 | D:7      | HP: 4/88 [11-headed hydra (1)]
  4761 | D:7      | The Shining One protects you from harm!
  4761 | D:7      | Slain by an 11-headed hydra

Illustrated notes

Levels and vault maps discovered:
D:1:      saegor_arrival_simple_c, layout_basic,
          shapermc_ecumenical_altar_notcrosses
D:2:      minmay_chambers_of_twos, layout_rooms, serial_curves, eino_curves_01,
          eino_curves_01, basic_altar
D:3:      layout_basic, uniq_natasha
D:4:      layout_basic, minmay_temple_entry_tees,
          chequers_serial_rivers_micro_d, kennysheep_another_room
D:5:      layout_basic
D:6:      layout_gridville, uniq_maggie
D:7:      layout_basic, minmay_misc_feat_rugged, grunt_ministairs_9,
          kennysheep_cluttered_room, minivault_11, serial_park_tiny_1,
          dreamdust_princess_bridge, hellmonk_guarded_unrand_vines

Skill      XL: |  1  2  3  4  5  6  7  8  9 |
---------------+----------------------------+-----
Shields        | 3 |  3.3
Shapeshifting  | 1 2 4 5 |  5.0
Dodging        | 3 4 5 |  5.4
Fighting       | 3 4 5 |  5.4
Unarmed Combat | 3 4 5 6 |  6.1

Action                     |  1- 3 |  4- 6 |  7- 9 || total
---------------------------+-------+-------+-------++-------
  Melee: Unarmed           |    94 |   125 |   166 ||   385
   Stab: Sleeping          |     1 |       |       ||     1
 Armour: Robe              |    55 |    50 |    42 ||   147
         Swamp dragon scal |       |       |    84 ||    84
  Dodge: Dodged            |    20 |    28 |    66 ||   114
  Block: Kite shield       |    48 |    38 |    70 ||   156

Table legend: (Time is in decaauts)
 A = Elapsed time spent in this place.
 B = Non-inter-level travel time spent in this place.
 C = Inter-level travel time spent in this place.
 D = Time resting spent in this place.
 E = Time spent auto-exploring this place.
 F = Levels seen in this place.
 G = Mean time per level.
                   A        B        C        D        E       F      G
               +--------+--------+--------+--------+--------+-----+--------+
         Total |   4772 |   4574 |    198 |     68 |   3688 |   7 |  681.7 |
       Dungeon |   4772 |   4574 |    198 |     68 |   3688 |   7 |  681.7 |
               +--------+--------+--------+--------+--------+-----+--------+

Top non-repeatable levels by time:
     D:4: 870 daAuts
     D:3: 851 daAuts
     D:6: 841 daAuts
     D:5: 837 daAuts
     D:1: 541 daAuts
     D:2: 498 daAuts
     D:7: 331 daAuts
